 Dungeon Crawl Stone Soup version 0.19-a0-1127-gac58878 (webtiles) character file.

52 rlgrobin the Digger (level 3, -9/26 HPs)
             Began as a Draconian Earth Elementalist on Aug 12, 2016.
             Was an Initiate of Vehumet.
             Engulfed by a cloud of flame (20 damage)
             ... on level 2 of the Dungeon.
             The game lasted 00:07:59 (1958 turns).

rlgrobin the Digger (Draconian Earth Elementalist)  Turns: 1958, Time: 00:08:00

Health: -9/26      AC:  5    Str: 10    XL:     3   Next: 60%
Magic:  6/6        EV: 12    Int: 16    God:    Vehumet [......]
Gold:   135        SH:  0    Dex: 11    Spells: 3 memorised, 0 levels left

rFire  . . .     SeeInvis .     (no weapon)
rCold  . . .     Gourm    .     (armour unavailable)
rNeg   . . .     Faith    .     (no shield)
rPois  .         Spirit   .     (helmet restricted)
rElec  .         Dismiss  .     (no cloak)
rCorr  .         Reflect  .     (no gloves)
SustAt .         Harm     .     (no boots)
MR     .....                    (no amulet)
Stlth  ++........               (no ring)
                                (no ring)

@:
A: unfitting armour, cold-blooded, AC +5
a: Renounce Religion


You were on level 2 of the Dungeon.
You worshipped Vehumet.
Vehumet was noncommittal.
You were not hungry.

You visited 1 branch of the dungeon, and saw 2 of its levels.

You collected 135 gold pieces.


Innate Abilities, Weirdness & Mutations

Your plain brown scales are hard. (AC +5)
Your body does not fit into most forms of armour.
You are cold-blooded and may be slowed by cold attacks.


   Skills:
 - Level 1.7 Dodging
 - Level 1.7 Stealth
 - Level 2.0 Spellcasting
 - Level 1.0 Transmutations
 + Level 4.6 Earth Magic


You couldn't memorise any spells.
You knew the following spells:

 Your Spells              Type           Power        Failure   Level  Hunger
x - Stone Arrow           Conj/Erth      #.....       28%         3    ###....
z - Sandblast             Erth           ###...       3%          1    #......
N - Passwall              Tmut/Erth      ##........   12%         2    ###....

Inventory:

Hand Weapons
 j - a +2 whip of flaming
Missiles
 b - 91 stones (quivered)
Jewellery
 p - an uncursed ring of poison resistance {unknown}
Scrolls
 a - a scroll of random uselessness {unknown}
 q - a scroll of identify {unknown}
 s - a scroll of noise {unknown}
 t - a scroll of teleportation {unknown}
Potions
 e - a potion of cancellation {unknown}
 g - a potion of ambrosia {unknown}
 h - a potion of heal wounds {unknown}
 i - 2 potions of berserk rage {unknown}
 k - 2 potions of curing {unknown}
 l - a potion of flight {unknown}
 m - a potion of might {unknown}
 n - 2 potions of invisibility {unknown}
 u - a potion of haste {unknown}
Books
 d - a book of Geomancy

   Spells                             Type                      Level
   a - Sandblast                      Earth                        1
   b - Passwall                       Transmutation/Earth          2
   c - Stone Arrow                    Conjuration/Earth            3
   d - Petrify                        Transmutation/Earth          4
   e - Lee's Rapid Deconstruction     Earth                        5
Comestibles
 c - a bread ration
 f - a beef jerky
 o - 2 fruits
 r - a chunk of flesh

Dungeon Overview and Level Annotations

Branches:
Dungeon (2/15)

Altars:
Gozag
Pakellas
Vehumet
Xom

▒ ▒.▒ ▒ ▒.▒ ▒
... ▒ .▒▒▒ ▒ .
.... ▒ ▒. ▒▒▒▒
....▒ ▒.. ▒.[
....▒
...▒▒▒▒▒.▒▒....▒
▒.....#..d..▒
▒▒▒.#.#.▒▒▒
▒.._..▒▒▒
▒.##.#....▒
▒.....▒▒▒.▒
▒▒▒▒▒▒..▒▒▒▒ ▒.▒
▒.......▒ ▒.▒
▒.▒▒▒▒▒.▒ ▒.▒
▒.▒ ▒.▒ ▒.▒


There were no monsters in sight!


Message History

You see here a goblin corpse.
You butcher the goblin corpse.
r - a chunk of flesh
Found a murky pink potion.
A bat comes into view.
Cast which spell? (? or * to list)
Aiming: Sandblast
Press: ? - help, Shift-Dir - straight line, f - bat
Aim: a bat (resting)
The blast of sand hits the bat.
The bat is severely wounded.
The bat barely misses you.
Cast which spell? (? or * to list)
Aiming: Sandblast
Press: ? - help, Shift-Dir - straight line, f/p - bat
Aim: a bat (heavily wounded)
The blast of sand hits the bat.
You kill the bat!
u - a murky pink potion
Found a radiant altar of Vehumet.
Really walk into a travel-excluded area?
Found a leather armour.
There is a radiant altar of Vehumet here.
You kneel at the altar of Vehumet.
Vehumet welcomes you!
You are engulfed in roaring flames.
* * * LOW HITPOINT WARNING * * *
You are engulfed in roaring flames.
Ouch! That really hurt!
You die...

Action                   || total
-------------------------++-------
 Cast: Sandblast         ||    96
  Eat: Chunk             ||     5
Armor: Skin              ||    24
Dodge: Dodged            ||    63

Vault maps used:
D:1:      matt_arrival_los_fun, xom_teletrap_fun
D:2:      fiery_altar_vehumet, gammafunk_temple_overflow_statue

Notes
Turn   | Place    | Note
-------+----------+-------------------------------------------
     0 | D:1      | rlgrobin the Draconian Earth Elementalist began the quest for the Orb.
     0 | D:1      | Reached XP level 1. HP: 14/14 MP: 3/3
   357 | D:1      | Reached XP level 2. HP: 20/20 MP: 1/5
   362 | D:1      | Learned a level 2 spell: Passwall
   669 | D:1      | Reached skill level 4 in Earth Magic
   742 | D:1      | Found a shimmering altar of Xom.
  1356 | D:2      | Reached XP level 3. HP: 26/26 MP: 3/6
  1361 | D:2      | Learned a level 3 spell: Stone Arrow
  1582 | D:2      | Found an opulent altar of Gozag.
  1582 | D:2      | Found an oddly glowing altar of Pakellas.
  1947 | D:2      | Found a radiant altar of Vehumet.
  1956 | D:2      | Became a worshipper of Vehumet
  1958 | D:2      | Engulfed by a cloud of flame

Vanquished Creatures
  An adder (D:2)
  An ooze (D:1)
  2 dart slugs (D:1)
  2 giant geckos
  2 ball pythons
  3 bats
  A giant cockroach (D:2)
  4 goblins
  2 hobgoblins
  8 kobolds
  A quokka (D:2)
  2 giant newts (D:2)
  3 rats (D:1)
32 creatures vanquished.

Vanquished Creatures (others)
  An adder (D:2)
  A hobgoblin (D:2)
2 creatures vanquished.

Grand Total: 34 creatures vanquished
